 Dungeon Crawl Stone Soup version 0.22-a0-422-g9628fc87f1 (webtiles) character file.

37 krabocopter the Skirmisher (level 3, -9/34 HPs)
             Began as a Deep Dwarf Fighter on May 18, 2018.
             Mangled by Sigmund
             ... wielding a +6 scythe of flaming
              (10 damage)
             ... on level 2 of the Dungeon.
             The game lasted 00:03:44 (907 turns).

krabocopter the Skirmisher (Deep Dwarf Fighter)      Turns: 907, Time: 00:03:44

Health: -9/34      AC: 10    Str: 24    XL:     3   Next: 21%
Magic:  3/3        EV:  7    Int:  8    God:
Gold:   45         SH:  0    Dex: 13    Spells: 2/2 levels left

rFire    . . .     SeeInvis .   a - +0 war axe
rCold    . . .     Gourm    .   c - +0 shield
rNeg     . . .     Faith    .   b - +0 scale mail
rPois    .         Spirit   .   (no helmet)
rElec    .         Reflect  .   k - +0 cloak
rCorr    .         Harm     .   (no gloves)
MR       .....                  (no boots)
Stlth    ..........             (no amulet)
HPRegen  0.00/turn              h - +2 ring of protection
MPRegen  0.08/turn              (no ring)

@: confused, mighty, non-regenerating
A: damage resistance, heal wounds, sense surroundings 1, no regeneration
a: Heal Wounds


You were on level 2 of the Dungeon.
You were not hungry.

You visited 1 branch of the dungeon, and saw 2 of its levels.

You collected 45 gold pieces.

Inventory:

Hand Weapons
 a - a +0 war axe (weapon)
Armour
 b - a +0 scale mail (worn)
 c - a +0 shield (worn)
 k - a +0 cloak (worn)
Jewellery
 h - a +2 ring of protection (left hand)
Scrolls
 e - a scroll of teleportation {unknown}
 i - a scroll of amnesia {unknown}
 j - a scroll of fog {unknown}
Comestibles
 f - a ration
 g - 4 chunks of flesh


   Skills:
 + Level 3.3 Fighting
 + Level 3.3 Axes
 - Level 3.2 Armour
 - Level 3.2 Shields


You had 2 spell levels left.
You didn't know any spells.
Your spell library was empty.

Dungeon Overview and Level Annotations

Branches:
Dungeon (2/15)

Altars:

Annotations:
D:2 Sigmund


Innate Abilities, Weirdness & Mutations

You are resistant to damage.
You can heal yourself by infusing magical energy.
You passively map a small area around you.
You do not regenerate.


Message History

You are confused.
Sigmund hits you but does no damage.
Sigmund points at you and mumbles some strange words.
The magic dart hits you!
You take 6 damage, and have 16/34 hp.
You barely miss Sigmund.
Sigmund's eyes start glowing with a red light.
Sigmund hits you with a scythe of flaming!
* * * LOW HITPOINT WARNING * * *
Sigmund burns you.
* * * LOW HITPOINT WARNING * * *
You take 7 damage, and have 9/34 hp.
MASSIVE DAMAGE!!
You slash Sigmund! Sigmund gestures at you while chanting.
The puff of flame hits you!
* * * LOW HITPOINT WARNING * * *
You take 8 damage, and have 1/34 hp.
MASSIVE DAMAGE!!
You bump into the rock wall.
Sigmund hits you with a scythe of flaming!
You die...

,
#.#.#.....#
* *,
#.#...#...#
#.#####...#
*
#......#..#
* *
######.#..#
,, *,,, ,
,#.##>#####
* #.##.#...
*
,#.##.#.##,
,*
#...@@..#,
,
####.#....#
#.#..### **
**#.#@##*
,, *#.#.. ,
* * ,*#.###
* ,, #.# ,
#.# * , #.#


You could see Sigmund.

Vanquished Creatures
  A dart slug (D:1)
  A leopard gecko (D:1)
  A ball python (D:1)
  A bat (D:1)
  3 giant cockroaches
  3 goblins (D:1)
  7 hobgoblins (D:1)
  6 kobolds (D:1)
  2 frilled lizards (D:1)
  5 rats
30 creatures vanquished.

Notes
Turn   | Place    | Note
-------+----------+-------------------------------------------
     0 | D:1      | krabocopter the Deep Dwarf Fighter began the quest for the Orb.
     0 | D:1      | Reached XP level 1. HP: 20/20 MP: 1/1
   222 | D:1      | Reached XP level 2. HP: 28/28 MP: 2/2
   691 | D:1      | Reached XP level 3. HP: 26/34 MP: 3/3
   896 | D:2      | Noticed Sigmund
   906 | D:2      | HP: 1/34 [Sigmund/puff of flame (8)]
   907 | D:2      | Mangled by Sigmund

Vault maps used:
D:1:      saegor_arrival_simple_e, st_stairs_12
D:2:      uniq_crazy_yiuf_cottage, uniq_sigmund

Skill      XL: |  1  2 |
---------------+-------+-----
Fighting       | 3 |  3.3
Axes           | 3 |  3.3
Armour         | |  3.2
Shields        | |  3.2

Action                   || total
-------------------------++-------
Melee: War axe           ||    89
  Use: Potion            ||     1
Armor: Scale mail        ||    50
Dodge: Dodged            ||    21
Block: Shield            ||    37

Table legend:
 A = Spawn XP
 B = Non-spawn XP
 C = Spawn XP percentage of total XP
 D = Spawn monster count
 E = Non-spawn monster count
 F = Spawn count percentage of total count
 G = Total turns spent on level
                    A         B        C        D         E        F      G
               +---------+---------+-------+---------+---------+-------+---------
         Total |       0 |      53 |   0.0 |       0 |      30 |   0.0 |   907
               +---------+---------+-------+---------+---------+-------+---------
           D:1 |       0 |      50 |   0.0 |       0 |      28 |   0.0 |   829
           D:2 |       0 |       3 |   0.0 |       0 |       2 |   0.0 |    78
               +---------+---------+-------+---------+---------+-------+---------
